[Event "Titled Tuesday Blitz August 22 Late 2023"]
[White "Suyarov, Mukhammadzokhid"]
[Black "Reprintsev, Alexander"]
[WhiteFideId "14210495"]
[BlackFideId "14100541"]
[WhiteElo "2714"]
[BlackElo "2492"]
[Result "1-0"]
[Round "8"]
[TimeControl "180+1"]
[Date "2023.08.22"]
[WhiteClock "0:02:27"]
[BlackClock "0:00:11"]
[Board "76"]

1. d4 d5 2. Nc3 Nf6 3. Bf4 a6 4. e3 e6 5. g4 Bb4 6. Ne2 Nxg4 7. Rg1 Qh4 8. Bg3 Qf6 9. h3 Nh6 10. Be5 Qh4 11. Rxg7 Nd7 12. Bxc7 Rg8 13. Bg3 Qf6 14. Rxg8+ Nxg8 15. Nf4 Bxc3+ 16. bxc3 b5 17. a4 bxa4 18. Rxa4 Nb6 19. Rb4 Qd8 20. Qh5 Nf6 21. Qh6 Ke7 22. Qxf6+ Kxf6 23. Bh4+ Kf5 24. Bd3# 1-0


[Site "https://www.chess.com"]

[Event "Titled Tuesday Blitz August 22 Late 2023"]
[White "Michalczak, Thomas"]
[Black "Tanenbaum, Zachary"]
[WhiteFideId "4622634"]
[BlackFideId "2060850"]
[WhiteElo "2483"]
[BlackElo "2692"]
[Result "1-0"]
[Round "8"]
[TimeControl "180+1"]
[Date "2023.08.22"]
[WhiteClock "0:01:54"]
[BlackClock "0:00:05"]
[Board "77"]

1. e4 e5 2. Nf3 Nc6 3. Bb5 a6 4. Ba4 d6 5. O-O Nf6 6. Re1 Be7 7. c4 Bg4 8. Nc3 Nd7 9. Bxc6 bxc6 10. h3 Bxf3 11. Qxf3 Nc5 12. d3 O-O 13. b3 Bg5 14. Bb2 a5 15. Rad1 Ne6 16. Ne2 c5 17. Bc3 a4 18. b4 cxb4 19. Bxb4 c5 20. Bc3 Qd7 21. Rb1 Rab8 22. Qg4 Qe7 23. Ng3 g6 24. Ne2 h5 25. Qf3 Bh6 26. g3 Ng5 27. Qg2 Qd7 28. Kh1 Nxh3 29. Rf1 Ng5 30. Rxb8 Rxb8 31. f4 Ne6 32. fxe5 dxe5 33. Bxe5 Rb7 34. Qf3 Ng5 35. Qf6 Qh3+ 36. Kg1 Kf8 37. Qd8# 1-0


[Site "https://www.chess.com"]

[Event "Titled Tuesday Blitz August 22 Late 2023"]
[White "Bazilius, Augustinas"]
[Black "Wu, Derek"]
[WhiteFideId "12832251"]
[BlackFideId "30914558"]
[WhiteElo "2456"]
[BlackElo "2662"]
[Result "1-0"]
[Round "8"]
[TimeControl "180+1"]
[Date "2023.08.22"]
[WhiteClock "0:00:15"]
[BlackClock "0:00:47"]
[Board "78"]

1. d4 d5 2. c4 c6 3. Nf3 Nf6 4. g3 Bg4 5. Bg2 e6 6. h3 Bxf3 7. Bxf3 Nbd7 8. Qc2 Bd6 9. O-O O-O 10. Nd2 Re8 11. b3 e5 12. dxe5 Bxe5 13. Bb2 Bxb2 14. Qxb2 Ne5 15. Bg2 d4 16. Nf3 Nxf3+ 17. Bxf3 Qd7 18. Rad1 Rad8 19. Kg2 h5 20. h4 c5 21. Rd3 b6 22. e3 Qf5 23. Rfd1 Qe5 24. exd4 cxd4 25. Rxd4 Ng4 26. Bxg4 hxg4 27. Qd2 Rxd4 28. Qxd4 Qe2 29. Rd3 Re6 30. Re3 Rxe3 31. Qxe3 Qxa2 32. Qe8+ Kh7 33. Qxf7 Qe2 34. Qh5+ Kg8 35. Qd5+ Kh8 36. Qh5+ Kg8 37. Qd5+ Kf8 38. Qa8+ Kf7 39. Qxa7+ Kg8 40. Qa8+ Kh7 41. Qd5 g6 42. b4 Qb2 43. c5 Qxb4 44. cxb6 Qxb6 45. Qd7+ Kh6 46. Qxg4 Qc6+ 47. Qf3 Qc1 48. Qe3+ Qxe3 49. fxe3 Kh5 50. Kf3 g5 51. hxg5 Kxg5 52. e4 Kf6 53. Kf4 Ke6 54. g4 Kf6 55. g5+ Kg6 56. e5 Kf7 57. Kf5 Ke7 58. g6 Ke8 59. Kf6 Kf8 60. g7+ Kg8 61. e6 Kh7 62. Kf7 Kh6 63. g8=Q Kh5 64. Qg3 Kh6 65. Qg6# 1-0


[Site "https://www.chess.com"]

[Event "Titled Tuesday Blitz August 22 Late 2023"]
[White "Vlassov, Nikolai"]
[Black "Eggleston, Thomas A"]
[WhiteFideId "4103360"]
[BlackFideId "412139"]
[WhiteElo "2603"]
[BlackElo "2451"]
[Result "1-0"]
[Round "8"]
[TimeControl "180+1"]
[Date "2023.08.22"]
[WhiteClock "0:00:56"]
[BlackClock "0:00:00"]
[Board "79"]

1. e4 e5 2. Bc4 Nf6 3. d3 Bc5 4. Nf3 d6 5. Bg5 h6 6. Bh4 g5 7. Bg3 Nc6 8. Nc3 Na5 9. Nd2 Nxc4 10. Nxc4 Be6 11. Ne3 Qd7 12. h4 Rg8 13. hxg5 hxg5 14. Rh6 Ng4 15. Nxg4 Bxg4 16. Qd2 O-O-O 17. f3 Be6 18. O-O-O f5 19. exf5 Bxf5 20. Rdh1 g4 21. f4 exf4 22. Bxf4 Rde8 23. a3 g3 24. Nd5 Bd4 25. Qa5 Kb8 26. Nxc7 Bb6 27. Rxd6 Qxd6 28. Bxd6 Bxa5 29. Nxe8+ Kc8 30. Nf6 Rd8 31. Be7 Rd4 32. Rh8+ Kc7 33. Bc5 Bb6 34. Bxd4 Bxd4 35. Rf8 Bh3 36. gxh3 g2 37. Rg8 g1=Q+ 38. Rxg1 Bxg1 39. h4 Be3+ 40. Kd1 Bd4 41. Nd5+ Kd6 42. Nc3 1-0


[Site "https://www.chess.com"]

[Event "Titled Tuesday Blitz August 22 Late 2023"]
[White "Jorajuria Mendoza, Algol"]
[Black "Grebeniuk, Semen"]
[WhiteFideId "5128897"]
[BlackFideId "14117509"]
[WhiteElo "2429"]
[BlackElo "2569"]
[Result "1-0"]
[Round "8"]
[TimeControl "180+1"]
[Date "2023.08.22"]
[WhiteClock "0:00:12"]
[BlackClock "0:00:07"]
[Board "80"]

1. e4 d5 2. exd5 Qxd5 3. Nc3 Qa5 4. d4 Nf6 5. Bc4 Bf5 6. Nf3 c6 7. Ne5 e6 8. Bd2 Nbd7 9. Nd5 Qd8 10. Nxf6+ gxf6 11. Nf3 Nb6 12. Bb3 Bd6 13. c4 Nd7 14. Nh4 Bg6 15. Nxg6 hxg6 16. h3 Qc7 17. Qf3 O-O-O 18. O-O-O c5 19. dxc5 Bxc5 20. Kb1 Bd4 21. Bf4 e5 22. Rxd4 exf4 23. Qxf4 Qxf4 24. Rxf4 f5 25. c5 Ne5 26. Rd1 Kc7 27. Rfd4 Rxd4 28. Rxd4 Re8 29. Ba4 Re7 30. b4 g5 31. f4 gxf4 32. Rxf4 Nd3 33. Rd4 Ne1 34. Bc2 Nxg2 35. Bxf5 Re1+ 36. Kb2 Rf1 37. Rd7+ Kc6 38. Rxf7 Rf2+ 39. Kb3 Rf3+ 40. Ka4 Re3 41. Rf6+ Kd5 42. Bc8 Ne1 43. Bxb7+ Kc4 44. Rf4+ Kc3 45. c6 Nc2 46. c7 Kb2 47. c8=Q Ra3+ 48. Kb5 Ne3 49. Qh8+ Kb1 50. Be4+ Kc1 51. Qa1+ Kd2 52. Qb2+ Nc2 53. Qxa3 Nxa3+ 54. Ka4 Nb1 55. Bxb1 Kc3 56. h4 Kb2 57. h5 a5 58. h6 Ka1 59. bxa5 Kb2 60. h7 Ka1 61. h8=Q+ Kxb1 62. Qh1+ 1-0


[Site "https://www.chess.com"]

[Event "Titled Tuesday Blitz August 22 Late 2023"]
[White "Santos Flores, Alberto"]
[Black "SergioMoralesG"]
[WhiteFideId "3601234"]
[WhiteElo "2566"]
[BlackElo "2425"]
[Result "1-0"]
[Round "8"]
[TimeControl "180+1"]
[Date "2023.08.22"]
[WhiteClock "0:00:51"]
[BlackClock "0:00:03"]
[Board "81"]

1. e4 c5 2. Nf3 e6 3. g3 d5 4. exd5 exd5 5. d4 Nc6 6. Bg2 Bg4 7. c3 cxd4 8. cxd4 Bb4+ 9. Nc3 Nf6 10. O-O O-O 11. Be3 Bxc3 12. bxc3 Rc8 13. Qd3 Na5 14. Ne5 Bh5 15. Bg5 Re8 16. f4 Qd6 17. Bxf6 gxf6 18. Nf3 Nc4 19. Rae1 Re7 20. Rxe7 Qxe7 21. Re1 Qa3 22. h3 Nb6 23. g4 Bg6 24. f5 Rxc3 25. Qe2 Nc4 26. fxg6 hxg6 27. Qf2 Kg7 28. Nh4 Nb6 29. Rf1 Qd6 30. Qd2 Rc4 31. Nf3 Nd7 32. Rc1 b5 33. Rxc4 bxc4 34. Qc3 Nb6 35. Nd2 Qf4 36. Nf3 g5 37. Qd2 Qe4 38. Nxg5 Qb1+ 39. Kh2 fxg5 40. Qxg5+ Qg6 41. Qe5+ Qf6 42. Qe3 Qd6+ 43. Kg1 Nd7 44. h4 Nf6 45. g5 Nd7 46. h5 Qc7 47. Qc3 Nb6 48. h6+ Kg8 49. Qf3 Qd6 50. Qf5 Qe7 51. Bxd5 Qe3+ 52. Kg2 Qd2+ 53. Kg3 Qe3+ 54. Qf3 Qxd4 55. Qxf7+ Kh8 56. Qg8# 1-0


[Site "https://www.chess.com"]

[Event "Titled Tuesday Blitz August 22 Late 2023"]
[White "Arnold, Ken"]
[Black "Grossboss19"]
[WhiteFideId "2056836"]
[WhiteElo "2416"]
[BlackElo "2530"]
[Result "0-1"]
[Round "8"]
[TimeControl "180+1"]
[Date "2023.08.22"]
[WhiteClock "0:00:00"]
[BlackClock "0:00:29"]
[Board "82"]

1. e4 e6 2. Nf3 c5 3. Nc3 Nf6 4. d4 cxd4 5. Nxd4 Nc6 6. Nxc6 bxc6 7. a3 d5 8. Bd3 Be7 9. O-O O-O 10. Qe2 h6 11. b3 d4 12. Na4 e5 13. Bd2 Nd7 14. Kh1 Nb6 15. Nxb6 axb6 16. a4 Be6 17. Ra2 Bg5 18. Rfa1 Bxd2 19. Qxd2 Ra5 20. b4 Ra7 21. Ra3 c5 22. bxc5 bxc5 23. Qe2 Qa8 24. a5 Rc8 25. Bb5 c4 26. a6 Rc5 27. Ra5 Qb8 28. Rb1 Bd7 29. Qe1 Bxb5 30. Qb4 Qc8 31. Rxb5 Rxb5 32. Qxb5 Qxa6 33. Qxa6 Rxa6 34. g3 Ra2 35. Rc1 c3 36. Kg2 Kh7 37. Kf3 Kg6 38. Ke2 Kg5 39. f3 f5 40. h4+ Kf6 41. Kd3 g5 42. hxg5+ Kxg5 43. Rh1 fxe4+ 44. fxe4 h5 45. Rf1 Kg4 46. Rf5 Ra5 0-1


[Site "https://www.chess.com"]

[Event "Titled Tuesday Blitz August 22 Late 2023"]
[White "Andrews, Todd"]
[Black "Fernandez, Nelson Wilfredo"]
[WhiteFideId "2012456"]
[BlackFideId "8401594"]
[WhiteElo "2388"]
[BlackElo "2527"]
[Result "1-0"]
[Round "8"]
[TimeControl "180+1"]
[Date "2023.08.22"]
[WhiteClock "0:00:18"]
[BlackClock "0:00:00"]
[Board "83"]

1. e4 c6 2. c4 d5 3. exd5 cxd5 4. cxd5 Nf6 5. Nc3 g6 6. Bc4 Bg7 7. d4 O-O 8. Nf3 a6 9. a4 b6 10. O-O Bb7 11. Qb3 Nbd7 12. Bg5 Rc8 13. Rfe1 h6 14. Bh4 g5 15. Bg3 Nh5 16. Be5 Nxe5 17. Nxe5 Qc7 18. Bf1 Rfd8 19. Nxf7 Rf8 20. d6 exd6 21. Nxd6+ Kh8 22. Nxc8 Qxc8 23. Qxb6 Qf5 24. d5 Ba8 25. Re7 Nf6 26. Rae1 Nd7 27. Qe3 Nf6 28. Bd3 Qg4 29. h3 Qb4 30. d6 Qxd6 31. Re6 Qb4 32. Re2 Qb3 33. Rb6 Qf7 34. Rxa6 Qh5 35. a5 g4 36. Ne4 Nd5 37. Qg3 gxh3 38. gxh3 1-0


[Site "https://www.chess.com"]

[Event "Titled Tuesday Blitz August 22 Late 2023"]
[White "Gurevich, Dmitry"]
[Black "Battlecruiser_Operational"]
[WhiteFideId "2000407"]
[WhiteElo "2525"]
[BlackElo "2371"]
[Result "1-0"]
[Round "8"]
[TimeControl "180+1"]
[Date "2023.08.22"]
[WhiteClock "0:01:29"]
[BlackClock "0:01:17"]
[Board "84"]

1. d4 e6 2. c4 f5 3. g3 Nf6 4. Bg2 Be7 5. Nf3 O-O 6. O-O d6 7. Nc3 Ne4 8. Qc2 Nxc3 9. Qxc3 Nc6 10. b3 Bf6 11. Bb2 Bd7 12. Qc2 Qe8 13. d5 exd5 14. Bxf6 Rxf6 15. cxd5 Nb4 16. Qxc7 Nxd5 17. Qxb7 Nc3 18. Nd4 Rb8 19. Qxa7 Bb5 20. Nxb5 Nxe2+ 21. Kh1 Qxb5 22. Rae1 Re8 23. Qa4 Qxa4 24. bxa4 Kf8 25. a5 f4 26. Bc6 Rc8 27. Bb7 Rc2 28. a6 Rxa2 29. Ra1 Rxa1 30. Rxa1 fxg3 31. fxg3 1-0


[Site "https://www.chess.com"]

[Event "Titled Tuesday Blitz August 22 Late 2023"]
[White "Filgueiras, Nathan Felipe"]
[Black "GAO"]
[WhiteFideId "2188562"]
[WhiteElo "2508"]
[BlackElo "2299"]
[Result "1-0"]
[Round "8"]
[TimeControl "180+1"]
[Date "2023.08.22"]
[WhiteClock "0:01:27"]
[BlackClock "0:00:12"]
[Board "85"]

1. e4 c5 2. Nf3 Nc6 3. d4 cxd4 4. Nxd4 g6 5. c4 Bg7 6. Be3 Qb6 7. Nb3 Qd8 8. Nc3 Bxc3+ 9. bxc3 Nf6 10. f3 d6 11. Qd2 Be6 12. c5 d5 13. e5 Nxe5 14. Nd4 Bd7 15. Bf4 Nc6 16. Nb5 O-O 17. Be2 Rc8 18. O-O a6 19. Nd4 Re8 20. Bg5 e5 21. Nc2 Be6 22. f4 e4 23. Nd4 Bf5 24. g4 Bd7 25. f5 Nxd4 26. Qxd4 Rc6 27. fxg6 Ree6 28. gxf7+ Kxf7 29. Rf4 Qg8 30. Bxf6 Rxf6 31. Raf1 Qg5 32. Rxf6+ Rxf6 33. Rxf6+ Qxf6 34. Qxd5+ Qe6 35. Bc4 Ke7 36. Qxe6+ Bxe6 37. Bxe6 Kxe6 38. Kf2 Kd5 39. Ke3 Kxc5 40. Kxe4 Kc4 41. h4 Kxc3 42. g5 b5 43. h5 Kb2 44. g6 hxg6 45. hxg6 Kxa2 46. g7 b4 47. g8=Q+ Ka3 48. Kd3 a5 49. Kc4 a4 50. Qf8 Ka2 51. Qxb4 a3 52. Kc3 Ka1 53. Kc2 a2 54. Qb2# 1-0


[Site "https://www.chess.com"]

[Event "Titled Tuesday Blitz August 22 Late 2023"]
[White "Bilan, Danila"]
[Black "Sala, Giulia"]
[WhiteFideId "24161918"]
[BlackFideId "2840451"]
[WhiteElo "2493"]
[BlackElo "2336"]
[Result "0-1"]
[Round "8"]
[TimeControl "180+1"]
[Date "2023.08.22"]
[WhiteClock "0:00:00"]
[BlackClock "0:00:11"]
[Board "86"]

1. d4 Nf6 2. Nf3 g6 3. Bg5 Bg7 4. c3 O-O 5. Nbd2 d6 6. e4 Nbd7 7. Bc4 e5 8. O-O Qe7 9. Qc2 b6 10. Bd5 Rb8 11. Bc6 Bb7 12. Qa4 h6 13. Bh4 g5 14. Bg3 a5 15. Bxb7 Rxb7 16. Qc6 Ra7 17. Rfe1 a4 18. Nc4 Nh5 19. Ne3 Nb8 20. Qc4 Qe6 21. d5 Qd7 22. Nf5 Na6 23. b4 axb3 24. axb3 Rfa8 25. b4 Nb8 26. Rxa7 Rxa7 27. Nd2 b5 28. Qe2 Nf4 29. Qg4 Ra2 30. Nf1 f6 31. Bxf4 exf4 32. Qd1 Qe8 33. Nd2 Nd7 34. Nf3 Ne5 35. N3d4 Bf8 36. Ne6 f3 37. Ng3 h5 38. Qb3 Rd2 39. Nf1 Rd3 40. Re3 fxg2 41. Kxg2 h4 42. Rxd3 Nxd3 43. Qd1 Ne5 44. Ne3 Qg6 45. Qd4 g4 46. Nf5 h3+ 47. Kf1 Qh5 48. Qe3 g3 49. Qxg3+ Kf7 50. f3 Nxf3 51. Kf2 Ne5 52. Ke3 Qd1 53. Qf2 Qd3+ 54. Kf4 Ng6+ 55. Kg4 Ne5+ 56. Kh5 Qxe4 57. Nd8+ Ke8 58. Qh4 Qf3+ 0-1


[Site "https://www.chess.com"]

[Event "Titled Tuesday Blitz August 22 Late 2023"]
[White "WindWhistler11"]
[Black "Fajdetic, Hrvoje"]
[BlackFideId "14501945"]
[WhiteElo "2493"]
[BlackElo "2283"]
[Result "1-0"]
[Round "8"]
[TimeControl "180+1"]
[Date "2023.08.22"]
[WhiteClock "0:00:20"]
[BlackClock "0:00:00"]
[Board "87"]

1. Nf3 f5 2. g3 d6 3. d4 e6 4. Bg2 Nf6 5. O-O Be7 6. Nc3 Ne4 7. Nxe4 fxe4 8. Nd2 d5 9. c4 O-O 10. f3 e3 11. Nb1 c5 12. Bxe3 cxd4 13. Bxd4 Nc6 14. cxd5 Qxd5 15. Bf2 Bf6 16. Nc3 Qc4 17. Rc1 Rd8 18. Qa4 Qxa4 19. Nxa4 Nd4 20. Rfe1 b5 21. Nc5 Rb8 22. f4 e5 23. Ne4 Bg4 24. Bxd4 Rxd4 25. Rc5 exf4 26. gxf4 Rxe4 27. e3 Re7 28. Bd5+ Kh8 29. Kg2 Rbe8 30. e4 a6 31. b3 Bf5 32. e5 Bh4 33. Rec1 Rd8 34. Kf3 h6 35. Be4 Bxe4+ 36. Kxe4 g5 37. Rc6 Rde8 38. Rxh6+ Kg7 39. Rhc6 gxf4 40. R1c5 Bg3 41. Kf5 f3 42. Rg6+ Kh7 43. Rxg3 Rxe5+ 44. Rxe5 1-0


[Site "https://www.chess.com"]

[Event "Titled Tuesday Blitz August 22 Late 2023"]
[White "Haydon, David L"]
[Black "Blackburn, Jonathan L B"]
[WhiteFideId "415405"]
[BlackFideId "1801090"]
[WhiteElo "2700"]
[BlackElo "2439"]
[Result "0-1"]
[Round "8"]
[TimeControl "180+1"]
[Date "2023.08.22"]
[WhiteClock "0:00:00"]
[BlackClock "0:01:51"]
[Board "88"]

1. d4 Nf6 2. Nf3 g6 3. c4 Bg7 4. Nc3 d6 5. e4 O-O 6. h3 Nbd7 7. Bd3 e5 8. d5 Nc5 9. O-O Nxd3 10. Qxd3 Nh5 11. g4 Nf4 12. Bxf4 exf4 13. Rfe1 Qe7 14. b4 a5 15. a3 axb4 16. axb4 Rxa1 17. Rxa1 f5 18. exf5 gxf5 19. Re1 Qf6 20. Nb5 fxg4 21. hxg4 Bxg4 22. Nh2 Bf5 23. Qf3 Qg6+ 24. Kf1 Bd3+ 25. Re2 Re8 26. Qxd3 Qxd3 0-1


[Site "https://www.chess.com"]

[Event "Titled Tuesday Blitz August 22 Late 2023"]
[White "Schnaider, Ilan"]
[Black "Nunez V, Gustavo Eduardo"]
[WhiteFideId "169013"]
[BlackFideId "4403690"]
[WhiteElo "2678"]
[BlackElo "2436"]
[Result "1-0"]
[Round "8"]
[TimeControl "180+1"]
[Date "2023.08.22"]
[WhiteClock "0:00:52"]
[BlackClock "0:00:26"]
[Board "89"]

1. d4 Nf6 2. c4 g6 3. Nf3 Bg7 4. g3 O-O 5. Bg2 d6 6. O-O Nbd7 7. Nc3 e5 8. e4 Re8 9. d5 Nc5 10. Re1 a5 11. h3 h6 12. Kh2 Kh7 13. Qc2 b6 14. Be3 Bd7 15. b3 Kh8 16. a3 a4 17. b4 Nb3 18. Rad1 Nh5 19. Qe2 Qe7 20. Nh4 Nf4 21. Qf3 Nxg2 22. Nxg2 f5 23. Nh4 Qf7 24. exf5 gxf5 25. Ne4 Rf8 26. Nd2 f4 27. gxf4 exf4 28. Bxf4 Nd4 29. Qg3 Kh7 30. Be3 Nc2 31. Rf1 Be5 32. f4 Nxe3 33. fxe5 Nxf1+ 34. Rxf1 Qg7 35. Qd3+ Kg8 36. Rg1 Rf2+ 37. Kh1 Qxg1+ 38. Kxg1 Raf8 39. Qg6+ Kh8 40. Qxh6+ Kg8 41. Qg5+ Kh8 42. Ng6+ Kg7 43. Nxf8+ Kxf8 44. Kxf2 dxe5 45. Ne4 Be8 46. h4 Bf7 47. h5 Ke8 48. h6 Kd7 49. Qxe5 Bg8 50. Nf6+ Kc8 51. Nxg8 Kb7 52. h7 b5 53. h8=Q bxc4 54. Qhg7 c3 55. Qexc7+ Ka6 56. Qc4+ Kb6 57. Qcxc3 Ka6 58. d6 Kb6 59. d7 Kb5 60. d8=Q Ka6 61. Qge7 Kb5 62. Qcc5+ Ka6 63. Qdb6# 1-0


[Site "https://www.chess.com"]

[Event "Titled Tuesday Blitz August 22 Late 2023"]
[White "Ghasi, Ameet K"]
[Black "Avila Rodriguez, Joshua Ad"]
[WhiteFideId "409200"]
[BlackFideId "5126444"]
[WhiteElo "2652"]
[BlackElo "2428"]
[Result "1-0"]
[Round "8"]
[TimeControl "180+1"]
[Date "2023.08.22"]
[WhiteClock "0:00:20"]
[BlackClock "0:00:00"]
[Board "90"]

1. d4 Nf6 2. Nf3 d5 3. Bg5 c5 4. c3 Nc6 5. e3 Bf5 6. Nbd2 e6 7. Ne5 Qb6 8. Qb3 c4 9. Qxb6 axb6 10. a3 b5 11. Nxc6 bxc6 12. Rc1 Nd7 13. f3 h6 14. Bh4 g5 15. Bg3 Bg7 16. h4 Nb6 17. e4 Bg6 18. Ra1 Na4 19. Ra2 Kd7 20. Be2 f5 21. exf5 exf5 22. f4 c5 23. hxg5 hxg5 24. Rxh8 Rxh8 25. dxc5 Rh1+ 26. Nf1 Nxb2 27. Rxb2 Bxc3+ 28. Rd2 d4 29. fxg5 d3 30. Bf4 Bxd2+ 31. Bxd2 dxe2 32. Kxe2 Rh8 33. Ne3 Re8 34. Kf2 Kc6 35. Bb4 f4 36. Ng4 Bd3 37. Nf6 Re2+ 38. Kf3 Rb2 39. Kxf4 Rxb4 40. axb4 c3 41. Ke3 Bg6 42. Ke2 Bf5 43. Kd1 Kc7 44. Nd5+ Kc6 45. Nxc3 Bg4+ 46. Kd2 Bf5 47. Ke3 Bg6 48. Kd4 Bc2 49. Ke5 Bg6 50. Kf6 Bd3 51. g6 Bc4 52. g7 Kd7 53. Ne4 Bd5 54. Nd6 Bb3 55. Nxb5 1-0


[Site "https://www.chess.com"]

[Event "Titled Tuesday Blitz August 22 Late 2023"]
[White "Balla, Tamas-Kristof"]
[Black "Koziorowicz, Michal"]
[WhiteFideId "1208497"]
[BlackFideId "21809194"]
[WhiteElo "2427"]
[BlackElo "2629"]
[Result "1/2-1/2"]
[Round "8"]
[TimeControl "180+1"]
[Date "2023.08.22"]
[WhiteClock "0:00:12"]
[BlackClock "0:00:30"]
[Board "91"]

1. e4 c5 2. c3 Nf6 3. e5 Nd5 4. d4 cxd4 5. Nf3 Nc6 6. cxd4 d6 7. Bc4 Nb6 8. Bb5 Bd7 9. exd6 e6 10. O-O Bxd6 11. Nc3 O-O 12. a3 a6 13. Bd3 Nd5 14. Qe2 Be7 15. Nxd5 exd5 16. Bf4 Bf6 17. Rad1 Re8 18. Qd2 Bg4 19. Be2 Qb6 20. Be5 Bxe5 21. dxe5 Rad8 22. h3 Bxf3 23. Bxf3 Nxe5 24. Bxd5 Qg6 25. Qf4 Nd3 26. Rxd3 Qxd3 27. Bxf7+ Kh8 28. Bxe8 Rxe8 29. Qf7 Qe4 30. Rd1 h6 31. Qd5 Qxd5 32. Rxd5 Re2 33. b4 Ra2 34. Rd7 Rxa3 35. Rxb7 Rb3 36. Ra7 Rxb4 37. Rxa6 Rb2 38. g3 Kh7 39. h4 h5 40. Kg2 g6 41. Ra5 Rb4 42. f3 Kg7 43. Ra6 Kf7 44. Kh3 Rb3 1/2-1/2


[Site "https://www.chess.com"]

[Event "Titled Tuesday Blitz August 22 Late 2023"]
[White "Dwilewicz, Katarzyna"]
[Black "Garcia Blanco, Omar"]
[WhiteFideId "1148486"]
[BlackFideId "2287153"]
[WhiteElo "2426"]
[BlackElo "2598"]
[Result "1-0"]
[Round "8"]
[TimeControl "180+1"]
[Date "2023.08.22"]
[WhiteClock "0:00:08"]
[BlackClock "0:00:57"]
[Board "92"]

1. e4 c5 2. Nf3 e6 3. g3 Nc6 4. Bg2 Qc7 5. O-O h5 6. Nc3 Nf6 7. d4 cxd4 8. Nxd4 a6 9. Bg5 h4 10. Bxh4 Nxd4 11. Bxf6 gxf6 12. Qxd4 Be7 13. Rad1 d6 14. Rfe1 Bd7 15. Qe3 O-O-O 16. Qa7 Bc6 17. Rd3 Rh5 18. Nd5 exd5 19. exd5 Re5 20. Rxe5 dxe5 21. dxc6 bxc6 22. Qa8+ Qb8 23. Qxa6+ Qb7 24. Rxd8+ Bxd8 25. Qxc6+ Qxc6 26. Bxc6 f5 27. f3 f4 28. g4 Bh4 29. Kf1 Kc7 30. Bd5 f6 31. b4 Kd6 32. c4 Bg5 33. Ke2 Bh6 34. Kd3 Bf8 35. Ke4 Kc7 36. c5 Kd7 37. a4 Be7 38. Bc4 Kc6 39. Bd5+ Kd7 40. Kf5 Bd8 41. Bc4 Ke7 42. b5 Ba5 43. b6 Kd7 44. Kxf6 Bc3 45. Kf7 Kc6 46. Bd5+ Kd7 47. c6+ Kd6 48. c7 Kd7 49. Be6+ Kd6 50. c8=Q e4 51. Qd7+ Ke5 52. Qd5# 1-0


[Site "https://www.chess.com"]

[Event "Titled Tuesday Blitz August 22 Late 2023"]
[White "Carroll, Thomas"]
[Black "Chor, Kevin"]
[WhiteFideId "450111"]
[BlackFideId "2090740"]
[WhiteElo "2423"]
[BlackElo "2566"]
[Result "0-1"]
[Round "8"]
[TimeControl "180+1"]
[Date "2023.08.22"]
[WhiteClock "0:00:05"]
[BlackClock "0:00:09"]
[Board "93"]

1. c4 Nf6 2. g3 g6 3. Bg2 Bg7 4. Nf3 O-O 5. O-O d6 6. Nc3 Nc6 7. b3 Ne4 8. Bb2 Nxc3 9. Bxc3 e5 10. b4 Be6 11. Qb3 d5 12. cxd5 Bxd5 13. Qb2 Nd4 14. Nxd4 Bxg2 15. Nf3 Bxf1 16. Rxf1 f6 17. Rc1 Qd5 18. d4 e4 19. Nd2 f5 20. Nf1 Rad8 21. Ne3 Qf7 22. d5 Bxc3 23. Rxc3 f4 24. Ng4 Qg7 25. Qc2 h5 26. Rxc7 Rd7 27. Rxd7 Qxd7 28. Ne5 Qf5 29. Qc3 e3 30. fxe3 fxg3 31. Nf3 gxh2+ 32. Kxh2 Qxd5 33. Qc2 Qf5 34. Qc7 Rf7 35. Qb8+ Kg7 36. Qxa7 g5 37. Qd4+ Kh7 38. e4 Qf4+ 39. Kg1 g4 40. Ne5 Qg3+ 41. Kh1 Rf1+ 42. Qg1 Qxg1# 0-1


[Site "https://www.chess.com"]

[Event "Titled Tuesday Blitz August 22 Late 2023"]
[White "Przybylski, Wojciech"]
[Black "Sanchez Castillo, Sarai Carolina"]
[WhiteFideId "1117599"]
[BlackFideId "3900754"]
[WhiteElo "2562"]
[BlackElo "2421"]
[Result "1-0"]
[Round "8"]
[TimeControl "180+1"]
[Date "2023.08.22"]
[WhiteClock "0:00:04"]
[BlackClock "0:00:00"]
[Board "94"]

1. e4 e6 2. d4 d5 3. exd5 exd5 4. Bd3 Bd6 5. Ne2 Nc6 6. c3 Bg4 7. Qc2 Qd7 8. h3 Be6 9. Nf4 O-O-O 10. Nxe6 fxe6 11. O-O Kb8 12. b4 e5 13. b5 Nce7 14. dxe5 Bxe5 15. Re1 Bd6 16. Nd2 g5 17. Nf3 h6 18. Ne5 Bxe5 19. Rxe5 Nf6 20. Ba3 Nc8 21. Rae1 Nh5 22. Bf5 Qxb5 23. Rb1 Qa6 24. Bc5 Nf4 25. g3 Nh5 26. Bg4 Ng7 27. Be2 Qc6 28. Bd4 Ne6 29. Bb5 Qd6 30. Rbe1 Nxd4 31. cxd4 Rhf8 32. Be2 Qb4 33. Rc1 Rf7 34. Qd3 Nb6 35. Bh5 Rg7 36. a3 Qd6 37. Rce1 a6 38. Re6 Qd7 39. Bg4 Qa4 40. Rxh6 Nc4 41. Bf3 Qxa3 42. Qxa3 Nxa3 43. Rhe6 Nb5 44. Re8 Rxe8 45. Rxe8+ Ka7 46. Bxd5 c6 47. Be4 Nxd4 48. Kf1 Nb5 49. Rd8 Kb6 50. h4 Re7 51. f3 gxh4 52. gxh4 Nc3 53. Bg6 Nd5 54. h5 a5 55. h6 Nf6 56. Rf8 Nh7 57. f4 a4 58. Rh8 a3 59. Bb1 1-0


[Site "https://www.chess.com"]

[Event "Titled Tuesday Blitz August 22 Late 2023"]
[White "Souleidis, Georgios"]
[Black "chessmateto"]
[WhiteFideId "4206827"]
[WhiteElo "2552"]
[BlackElo "2421"]
[Result "0-1"]
[Round "8"]
[TimeControl "180+1"]
[Date "2023.08.22"]
[WhiteClock "0:00:00"]
[BlackClock "0:00:11"]
[Board "95"]

1. e4 c6 2. d4 d5 3. e5 Bf5 4. h4 h6 5. g4 Be4 6. f3 Bh7 7. e6 Qd6 8. exf7+ Kxf7 9. f4 Nf6 10. Nc3 h5 11. g5 Ng4 12. Nf3 Nd7 13. Ne5+ Ndxe5 14. fxe5 Qe6 15. Bd3 Kg8 16. Bf4 Bf5 17. Qd2 g6 18. O-O Bg7 19. Bg3 Rf8 20. Ne2 c5 21. c3 Qb6 22. Bxf5 gxf5 23. Nf4 cxd4 24. cxd4 Bxe5 25. Nxd5 Qxd4+ 26. Qxd4 Bxd4+ 27. Kh1 e5 28. Ne7+ Kh7 29. Nxf5 Rf7 30. Rac1 Rhf8 31. g6+ Kxg6 32. Ne7+ Kh7 33. Rxf7+ Rxf7 34. Nd5 Ne3 35. Nxe3 Bxe3 36. Rc8 Bd4 37. Re8 Bxb2 38. Bxe5 Bxe5 39. Rxe5 Kh6 40. Re6+ Kg7 41. Re5 Kg6 42. Re6+ Rf6 43. Re7 Rb6 44. Re5 Rb1+ 45. Kg2 Rb2+ 46. Kg3 Rxa2 47. Re7 b5 48. Kf4 b4 49. Re6+ Kf7 50. Rc6 b3 51. Rc3 Ra3 52. Kf5 a5 53. Rc7+ Ke8 54. Ke6 Kd8 55. Rb7 a4 56. Kd6 Kc8 57. Kc6 Ra1 58. Rc7+ Kd8 59. Rd7+ Ke8 60. Rb7 Rc1+ 61. Kd5 a3 62. Rb8+ Kf7 63. Rb7+ Kf6 64. Rxb3 a2 0-1


[Site "https://www.chess.com"]

[Event "Titled Tuesday Blitz August 22 Late 2023"]
[White "Bueno, Alfeu Junior Varela"]
[Black "Musovic, Armin"]
[WhiteFideId "2108879"]
[BlackFideId "939935"]
[WhiteElo "2417"]
[BlackElo "2534"]
[Result "1-0"]
[Round "8"]
[TimeControl "180+1"]
[Date "2023.08.22"]
[WhiteClock "0:00:26"]
[BlackClock "0:00:03"]
[Board "96"]

1. e4 c6 2. d4 d5 3. f3 Nf6 4. Nc3 e6 5. Bf4 Bb4 6. Qd3 a6 7. O-O-O Qa5 8. Nge2 c5 9. exd5 cxd4 10. Qxd4 O-O 11. d6 Nc6 12. Qe3 e5 13. Bg5 Be6 14. Bxf6 gxf6 15. a3 Rfd8 16. axb4 Qa1+ 17. Kd2 Qxb2 18. Ke1 Nxb4 19. Kf2 Nxc2 20. Qh6 Qb6+ 21. Kg3 Ne3 22. Qxf6 Nf5+ 23. Kh3 Qf2 24. g4 Qxf3+ 25. Ng3 Qxc3 26. gxf5 Bb3 27. Rd3 Qe1 28. Nh5 Kf8 29. Qe7+ Kg8 30. Rg1+ Kh8 31. Qf6# 1-0


[Site "https://www.chess.com"]